 Dungeon Crawl Stone Soup version 0.30.0-29-ga12c61a403 (webtiles) character file.

Game seed: 12068346541767835447

86 Hubris850 the Insei (level 4, -2/32 HPs)
             Began as a Merfolk Transmuter on June 5, 2023.
             Slain by Grinder (7 damage)
             ... on level 3 of the Dungeon.
             The game lasted 00:06:17 (2793 turns).

Hubris850 the Insei (Merfolk Transmuter)            Turns: 2793, Time: 00:06:18

Health: -2/32      AC:  5    Str: 10    XL:     4   Next: 50%
Magic:  13/16      EV: 13    Int: 20    God:
Gold:   79         SH:  5    Dex: 14    Spells: 5/7 levels left

rFire   . . .        w - +4 short sword (flame)
rCold   . . .        (no shield)
rNeg    + . .        a - +0 robe
rPois   .            (no helmet)
rElec   .            (no cloak)
rCorr   +            c - +0 pair of gloves
SInv    .            j - +1 pair of boots of Imperfection {Rampage rN+ rCorr}
Will    .....        k - amulet of reflection
Stlth   +            f - +6 ring of intelligence
HPRegen 0.25/turn    t - ring of magical power
MPRegen 0.15/turn

%: reflection, rampage
@: very slightly contaminated
A: (nimble swimmer 2), mertail
a: no special abilities


You were on level 3 of the Dungeon.
You visited 1 branch of the dungeon, and saw 3 of its levels.

You collected 79 gold pieces.

Inventory:

Hand Weapons
 w - a +4 short sword of flaming (weapon)
Armour
 a - a +0 robe (worn)
 c - a +0 pair of gloves (worn)
 d - a +0 leather armour
 e - a +0 ring mail
 j - the +1 pair of boots of Imperfection (worn) {Rampage rN+ rCorr}
   (You found it on level 2 of the Dungeon)

   rN:        It protects you from negative energy.
   rCorr:     It protects you from acid and corrosion.
   Rampage:   It bestows one free step when moving towards enemies.
Magical Staves
 s - a staff of conjuration
Jewellery
 f - a +6 ring of intelligence (left hand)
 k - an amulet of reflection (around neck)
 q - an amulet of faith
 t - a ring of magical power (right hand)
 x - a ring of willpower
Wands
 v - a wand of polymorph (5)
Scrolls
 g - a scroll of enchant weapon {unknown}
 i - a scroll of noise {unknown}
 n - 2 scrolls of fear {unknown}
 p - a scroll of vulnerability {unknown}
Potions
 b - a potion of lignification
 h - a potion of haste {unknown}
 l - a potion of curing {unknown}
 m - a potion of attraction {unknown}
 o - a potion of flight {unknown}
 r - a potion of might
 u - a potion of invisibility {unknown}


   Skills:
 - Level 1.1 Fighting
 - Level 3.2 Dodging
 - Level 5.0 Unarmed Combat
 + Level 2.2 Spellcasting
 + Level 3.1 Transmutations
 + Level 0.9 Ice Magic


You had 5 spell levels left.
You knew the following spells:

 Your Spells              Type           Power      Damage    Failure   Level
a - Beastly Appendage     Tmut           28%        N/A       4%          1
b - Sandblast             Erth           4%         2d4       16%         1

Your spell library contained the following spells:

 Spells                   Type           Power      Damage    Failure   Level
 Wereblood                Tmut           14%        N/A       6%          2
 Sting                    Tmut/Pois      32%        1d4       9%          1
 Passwall                 Tmut/Erth      6%         N/A       12%         2
 Poisonous Vapours        Pois/Air       4%         N/A       24%         2
 Spider Form              Tmut/Pois      8%         N/A       24%         3
 Stone Arrow              Conj/Erth      4%         3d7       43%         3
 Ice Form                 Ice/Tmut       10%        N/A       54%         4
 Manifold Assault         Tloc           2%         N/A       83%         4
 Olgreb's Toxic Radiance  Pois           2%         N/A       83%         4
 Dispersal                Tloc           1%         N/A       100%        6
 Disjunction              Tloc           1%         N/A       100%        8


Dungeon Overview and Level Annotations

Branches:
Dungeon (3/15)

Altars:

Shops:
D:2 [

Annotations:
D:3 Grinder


Innate Abilities, Weirdness & Mutations

((You are very nimble when in or above water. (Stealth+, EV+, Speed+++)))
Your lower body shifts to a powerful aquatic tail in water.


Message History

Grinder is moderately wounded.
Grinder barely misses you.
You barely miss Grinder.
Grinder is moderately wounded.
Grinder gestures at you.
You barely resist. You hit Grinder. You burn Grinder.
Grinder is heavily wounded.
Grinder blinks!
Grinder says, "Wait up."
Grinder gestures at you.
You barely resist.
You can't see any susceptible monsters within range! (Use Z to cast anyway.)
You miscast Sandblast.
You are very lightly contaminated with residual magic.
Nothing appears to happen.
Grinder gestures at you. Pain shoots through your body!
The blast of sand hits Grinder.
Grinder is heavily wounded.
The blast of sand hits Grinder but does no damage.
Grinder is heavily wounded.
Grinder gestures at you. Pain shoots through your body!
You are too injured to fight recklessly!
You are too injured to fight recklessly!
You closely miss Grinder.
Grinder is heavily wounded.
Grinder hits you!
* * * LOW HITPOINT WARNING * * *
You hit Grinder. You burn Grinder.
Grinder is severely wounded.
Grinder hits you.
* * * LOW HITPOINT WARNING * * *
You writhe in agony.
* * * LOW HITPOINT WARNING * * *
You closely miss Grinder.
Grinder is severely wounded.
Grinder hits you!
You die...

#.##..# #.##.##
##+###########.##.#
#.................#
#.......>......####
#.........######
#.........#
#.........##
#.....5@...#
#..........#
#..........#
#..........#
#######....# #....#
#....# #....#


You could see Grinder.

Vanquished Creatures
  Terence (D:3)
  A worm (D:3)
  3 dart slugs
  An orc (D:2)
  2 ball pythons
  5 endoplasms
  3 giant cockroaches
  4 goblins
  5 hobgoblins
  3 jackals (D:1)
  A quokka (D:3)
  5 bats
  3 frilled lizards
  6 kobolds
  5 rats
48 creatures vanquished.

Notes
Turn   | Place    | Note
-------+----------+-------------------------------------------
     0 | D:1      | Hubris850 the Merfolk Transmuter began the quest for the
                  | Orb.
     0 | D:1      | Reached XP level 1. HP: 15/15 MP: 3/3
   346 | D:1      | Reached XP level 2. HP: 21/21 MP: 3/5
   436 | D:1      | Learned a level 1 spell: Sandblast
   729 | D:1      | Reached skill level 4 in Unarmed Combat
  1098 | D:2      | Identified the +1 pair of boots of Imperfection {Rampage
                  | rN+ rCorr}
  1160 | D:2      | Reached XP level 3. HP: 26/26 MP: 4/6
  1290 | D:2      | Found Yzepubew's Antique Armour Shoppe.
  2262 | D:3      | Reached skill level 5 in Unarmed Combat
  2313 | D:3      | Reached XP level 4. HP: 27/32 MP: 5/7
  2459 | D:3      | Noticed Terence
  2705 | D:3      | Killed Terence
  2773 | D:3      | Noticed Grinder
  2793 | D:3      | Slain by Grinder

Illustrated notes

Levels and vault maps discovered:
D:1:      matt_arrival_diagonals, layout_basic, hangedman_decor_points,
          ebering_dispersal_statue_hall
D:2:      minmay_door_path, layout_basic, serial_shops, shop,
          chequers_serial_rivers_large_a
D:3:      layout_basic, ebering_ghost_reflecting_pool, uniq_grinder,
          uniq_terence

Skill      XL: |  1  2  3  4 |
---------------+-------------+-----
Dodging        | 3 |  3.2
Unarmed Combat | 4 5 |  5.0
Transmutations | 3 |  3.1
Fighting       | |  1.1
Spellcasting   | |  2.2
Ice Magic      | |  0.9

Action                     |  1- 3 |  4- 6 || total
---------------------------+-------+-------++-------
  Melee: Unarmed           |    96 |    12 ||   108
         Headbutt          |     5 |       ||     5
         Punch             |     2 |     2 ||     4
         Short sword       |       |    11 ||    11
   Cast: Beastly Appendage |     8 |       ||     8
         Sandblast         |    46 |     8 ||    54
 Armour: Leather armour    |     3 |       ||     3
         Ring mail         |     1 |       ||     1
         Robe              |    27 |       ||    27
         Skin              |       |     1 ||     1
  Dodge: Dodged            |    63 |     6 ||    69
  Block: Other             |       |     4 ||     4
